 Dungeon Crawl Stone Soup version 0.25.0-9-g26727b6 (webtiles) character file.

Game seed: 12135255362442682476

157 Ousak the Chiller (level 5, -12/40 HPs)
             Began as a Draconian Ice Elementalist on June 17, 2020.
             Killed by nerve-wracking pain
             ... invoked by Grinder
              (14 damage)
             ... on level 3 of the Dungeon.
             The game lasted 00:03:11 (2418 turns).

Ousak the Chiller (Draconian Ice Elementalist)      Turns: 2418, Time: 00:03:12

Health: -12/40     AC:  9    Str: 10    XL:     5   Next: 15%
Magic:  5/9        EV: 12    Int: 16    God:
Gold:   91         SH:  0    Dex: 12    Spells: 6/10 levels left

rFire    . . .     SeeInvis .   d - +0 short sword (venom)
rCold    . . .     Gourm    .   (no shield)
rNeg     . . .     Faith    .   (armour unavailable)
rPois    .         Spirit   .   (helmet restricted)
rElec    .         Reflect  .   (no cloak)
rCorr    .         Harm     .   (no gloves)
MR       .....                  (no boots)
Stlth    ++........             (no amulet)
HPRegen  0.13/turn              e - +4 ring of protection
MPRegen  0.11/turn              (no ring)

@: no status effects
A: unfitting armour, cold-blooded, AC +5
a: no special abilities


You were on level 3 of the Dungeon.
You were hungry.

You visited 1 branch of the dungeon, and saw 3 of its levels.

You collected 91 gold pieces.

Inventory:

Hand Weapons
 d - a +0 short sword of venom (weapon)
Jewellery
 e - a +4 ring of protection (left hand)
Scrolls
 a - 4 scrolls of identify {unknown}
 c - 3 scrolls of noise {unknown}
 i - 2 scrolls of remove curse {unknown}
Potions
 g - a potion of might {unknown}
 h - a potion of berserk rage {unknown}
 j - a potion of heal wounds {unknown}
 k - a potion of curing
Comestibles
 b - 6 rations


   Skills:
 + Level 1.0 Fighting
 - Level 1.7 Dodging
 - Level 1.7 Stealth
 + Level 3.3 Spellcasting
 + Level 5.6 Ice Magic


You had 6 spell levels left.
You knew the following spells:

 Your Spells              Type           Power        Failure   Level  Hunger
a - Freeze                Ice            ###.         1%          1    None
b - Frozen Ramparts       Ice            ###...       5%          3    ###....

Your spell library contained the following spells:

 Spells                   Type           Power        Failure   Level  Hunger
 Ozocubu's Armour         Chrm/Ice       ##......     17%         3    ###....
 Hailstorm                Conj/Ice       ##......     50%         4    ####...
 Summon Ice Beast         Ice/Summ       ##......     50%         4    ####...


Dungeon Overview and Level Annotations

Branches:
Dungeon (3/15)

Altars:
Gozag
Nemelex Xobeh

Annotations:
D:3 Grinder


Innate Abilities, Weirdness & Mutations

Your plain brown scales are hard. (AC +5)
You cannot fit into any form of body armour.
You are cold-blooded and may be slowed by cold attacks.


Message History

All of the chunks of flesh in your inventory have rotted away.
Grinder completely resists.
The wall freezes Grinder but do no damage.
Grinder completely resists.
The wall freezes Grinder but do no damage.
Grinder hits you but does no damage.
Grinder completely resists.
The wall freezes Grinder but do no damage.
Grinder hits you.
* * * LOW HITPOINT WARNING * * *
You writhe in agony.
* * * LOW HITPOINT WARNING * * *
You can move again.
You closely miss Grinder.
Grinder is moderately wounded.
The frozen ramparts melt away.
Grinder hits you but does no damage.
Unknown command.
Grinder gestures at you. Pain shoots through your body!
You die...

#.# #.5....# #.#
#......# #####.#
#......# ...#.#
#......# ##
#.#÷###......#
......##...)........#
.......[.5##.......#
####.#####.)##.......#
#.......)@..##.......#
#.##.......###.#######
#.......#..#.#
##.####.#..#.#
......÷).÷.#.#
.#..##..<#.## #
#.......#...
#######.##### ..#


You could see Grinder.

Vanquished Creatures
  An orc priest (D:3)
  An orc wizard (D:3)
  Jessica (D:2)
  2 adders
  2 dart slugs
  A leopard gecko (D:3)
  3 orcs (D:3)
  A ball python (D:2)
  4 giant cockroaches
  3 goblins
  5 hobgoblins
  5 jackals (D:1)
  5 kobolds
  A quokka (D:2)
  7 bats
  2 frilled lizards
  5 rats
49 creatures vanquished.

Notes
Turn   | Place    | Note
-------+----------+-------------------------------------------
     0 | D:1      | Ousak the Draconian Ice Elementalist began the quest for
                  | the Orb.
     0 | D:1      | Reached XP level 1. HP: 14/14 MP: 3/3
   430 | D:1      | Reached XP level 2. HP: 20/20 MP: 1/5
  1248 | D:1      | Reached XP level 3. HP: 23/26 MP: 6/6
  1253 | D:1      | Learned a level 3 spell: Frozen Ramparts
  1323 | D:1      | Found a sparkling altar of Nemelex Xobeh.
  1447 | D:2      | Found an opulent altar of Gozag.
  1530 | D:2      | Noticed Jessica
  1539 | D:2      | Killed Jessica
  1539 | D:2      | Reached skill level 5 in Ice Magic
  1649 | D:2      | Reached XP level 4. HP: 34/34 MP: 8/8
  1898 | D:2      | Found a faded altar of an unknown god.
  2123 | D:3      | Reached XP level 5. HP: 18/39 MP: 5/9
  2146 | D:3      | Reached skill level 1 in Fighting
  2394 | D:3      | Noticed Grinder
  2413 | D:3      | Paralysed by Grinder for 4 turns
  2416 | D:3      | HP: 1/40 [Grinder (3)]
  2418 | D:3      | Killed from afar by Grinder

Illustrated notes

Levels and vault maps discovered:
D:1:      moated_graveyard_arrival, layout_loops_corners,
          chequers_decorated_corner, grunt_decor_cap, nrook_uturn,
          nemelex_diamond_rough_becter
D:2:      layout_loops_cross, nicolae_overflow_crystal_walls, first_ration,
          chequers_ecumenical_altar_grove, uniq_jessica
D:3:      layout_basic, uniq_terence, uniq_grinder

Skill      XL: |  1  2  3  4  5 |
---------------+----------------+-----
Ice Magic      | 5 |  5.6
Spellcasting   | 3 |  3.3
Fighting       | 1 |  1.0
Dodging        | |  1.7
Stealth        | |  1.7

Action                   |  1- 3 |  4- 6 || total
-------------------------+-------+-------++-------
Melee: Unarmed           |    45 |       ||    45
       Tailslap          |    11 |     2 ||    13
       Short sword       |    49 |    46 ||    95
 Cast: Freeze            |    17 |       ||    17
       Frozen Ramparts   |     1 |     4 ||     5
  Use: Potion            |     1 |       ||     1
 Stab: Sleeping          |     3 |       ||     3
  Eat: Chunk             |     3 |     2 ||     5
Armor: Skin              |    45 |    20 ||    65
Dodge: Dodged            |    92 |    31 ||   123
